 Dungeon Crawl Stone Soup version 0.18-b1-10-g3f7de93 (webtiles) character file.

53 MuMo the Ducker (level 3, -2/28 HPs)
             Began as a Demonspawn Gladiator on Apr 29, 2016.
             Slain by a hobgoblin
             ... wielding a +0 club
              (4 damage)
             ... on level 2 of the Dungeon.
             The game lasted 00:01:28 (1020 turns).

MuMo the Ducker (Demonspawn Gladiator)              Turns: 1020, Time: 00:01:28

Health: -2/28      AC:  4    Str: 16    XL:     3   Next: 64%
Magic:  0/3        EV: 13    Int:  9    God:
Gold:   65         SH:  0    Dex: 13    Spells: 0 memorised, 2 levels left

rFire  . . .     SeeInvis .     a - +0 long sword
rCold  + . .     Gourm    .     b - +0 leather armour
rNeg   . . .     Faith    +     (no shield)
rPois  .         Spirit   +     c - +0 helmet
rElec  .         Dismiss  .     (no cloak)
rCorr  .         Reflect  .     (no gloves)
SustAt .         Harm     .     (no boots)
MR     .....                    j - amulet of faith
Stlth  +.........               (no ring)
                                (no ring)

@: not resistant to hostile enchantments, very unstealthy
A: cold resistance 1, magic shield
a: no special abilities


You were on level 2 of the Dungeon.
You were hungry.

You visited 1 branch of the dungeon, and saw 2 of its levels.

You collected 65 gold pieces.

Inventory:

Hand Weapons
 a - a +0 long sword (weapon)
Missiles
 d - 3 throwing nets (quivered)
Armour
 b - a +0 leather armour (worn)
 c - a +0 helmet (worn)
Jewellery
 j - an amulet of faith (around neck)
Scrolls
 e - 4 scrolls of identify
 i - a scroll of magic mapping
Comestibles
 f - 2 bread rations
 g - a beef jerky
 o - a slice of pizza


   Skills:
 + Level 2.3 Fighting
 + Level 3.2 Long Blades
 + Level 1.8 Throwing
 + Level 1.0 Armour
 + Level 3.3 Dodging


You had 2 spell levels left.
You didn't know any spells.

Dungeon Overview and Level Annotations

Branches:
Dungeon (2/15)

Altars:


Innate Abilities, Weirdness & Mutations

Your flesh is cold resistant.
When hurt, damage is shared between your health and your magic reserves.


Message History

You hear a loud clanging noise!
It was a scroll of noise.
You hear a shout! x3
The gnoll hits you but does no damage. The hobgoblin hits you with a club.
* * * LOW HITPOINT WARNING * * *
A gnoll comes into view. It is wielding a halberd.
Read which item? (? for menu, Esc to quit)
As you read the scroll labeled BIOSHR INETYOBA, it crumbles to dust.
It is a scroll of recharging.
You aren't carrying any rechargeable items.
The hobgoblin misses you.
Read which item? (? for menu, Esc to quit)
As you read the scroll labeled UTZURE CAWISEM, it crumbles to dust.
You feel blessed for a moment.
It was a scroll of remove curse.
An adder comes into view.
Unknown command.
You hit the hobgoblin.
The hobgoblin is moderately wounded.
The hobgoblin hits you with a club.
You die...

#.........#.....†..........#
..........##.#####........<#
#................#....†....#
........#.####...........#
.....#.#. ###.........#
####....#. #.........# #. #.
#.>........!
...##.###..##....###
...(...@g..# ###....
#........gg.........
......####.###.( ... ......
..# .. ..... %## .S..# .
...# #. ...


You could see 2 gnolls, an adder and a hobgoblin (inner flame).

Vanquished Creatures
  2 adders (D:2)
  2 dart slugs
  A giant gecko (D:1)
  2 bats (D:1)
  A giant cockroach (D:1)
  2 goblins (D:1)
  6 hobgoblins
  A jackal (D:1)
  A giant newt (D:1)
  8 kobolds
  5 rats
31 creatures vanquished.

Notes
Turn   | Place    | Note
--------------------------------------------------------------
     0 | D:1      | MuMo the Demonspawn Gladiator began the quest for the Orb.
     0 | D:1      | Reached XP level 1. HP: 16/16 MP: 1/1
   344 | D:1      | Gained mutation: Your flesh is cold resistant. [demonic ancestry]
   344 | D:1      | Reached XP level 2. HP: 22/22 MP: 2/2
   678 | D:1      | Gained mutation: When hurt, damage is shared between your health and your magic reserves. [demonic ancestry]
   678 | D:1      | Reached XP level 3. HP: 18/28 MP: 3/3
  1002 | D:2      | Reached skill level 1 in Armour
  1017 | D:2      | HP: 1/28 [hobgoblin/club (1)]
  1020 | D:2      | Slain by a hobgoblin

Skill      XL: |  1  2  3 |
---------------+----------+-----
Dodging        | 3 |  3.3
Long Blades    | 3 |  3.2
Armour         | 1 |  1.0
Fighting       | |  2.3
Throwing       | |  1.8

Action                   || total
-------------------------++-------
Melee: Long sword        ||   108
  Use: Scroll            ||     5
       Potion            ||     1
Armor: Leather armour    ||    33
Dodge: Dodged            ||    77
